 Dungeon Crawl Stone Soup version 0.31-a0-455-g1a7b003ef0 (webtiles) character file.

Game seed: 13955264977510859180

99817 Pooter the Severer (level 15, -5/138 HPs)
             Began as a Minotaur Monk on Aug 2, 2023.
             Was an Elder of Okawaru.
             Killed from afar by a deep elf knight (16 damage)
             ... with a shard of ice
             ... on level 1 of the Elven Halls on Aug 3, 2023.
             The game lasted 02:34:56 (33000 turns).

Pooter the Severer (Minotaur Monk)                 Turns: 33000, Time: 02:34:56

Health: -5/138     AC: 35    Str: 26    XL:     15   Next: 78%
Magic:  20/21      EV: 12    Int:  7    God:    Okawaru [****..]
Gold:   17         SH:  5    Dex: 16    Spells: 10/14 levels left

rFire   + . .        a - +6 executioner's axe "Jech" {speed, rPois rN+ Will+++ Str-2}
rCold   + . .        (shield currently unavailable)
rNeg    + . .        n - +5 plate armour "Amuwieg" {Will- rCorr Slay+5}
rPois   +            m - +2 hat
rElec   .            v - +2 cloak {Will+}
rCorr   +            l - +2 pair of gloves
SInv    .            z - +2 pair of boots {rampage}
Will    ++++.        G - amulet of reflection Stlth
                     M - +6 ring of strength
HPRegen 0.43/turn    F - ring of Peutudyi {rPois rF+ rC+ Dex+2}
MPRegen 0.17/turn

%: reflection, rampage
@: heroic, studying Ice Magic
A: horns 2, retaliatory headbutt, hooves 2
a: Renounce Religion, Heroism, Finesse


You were on level 1 of the Elven Halls.
You worshipped Okawaru.
Okawaru was greatly pleased with you.
You visited 4 branches of the dungeon, and saw 23 of its levels.
You also visited: Bailey.

You collected 2880 gold pieces.
You spent 2863 gold pieces at shops.

Inventory:

Hand Weapons
 a - the +6 executioner's axe "Jech" (weapon) {speed, rPois rN+ Will+++ Str-2}
   (You acquired it on level 4 of the Lair of Beasts)

   Str:       It affects your strength (-2).
   rPois:     It protects you from poison.
   rN:        It protects you from negative energy.
   Will:      It greatly increases your willpower.
 b - a +3 heavy arbalest
   (Okawaru gifted it to you on level 10 of the Dungeon)
 O - the +8 frozen axe "Frostbite" {freeze, freezing cloud, *Noise Fly rC+}
   (You found it on level 10 of the Dungeon)

   rC:        It protects you from cold.
   Fly:       It grants you flight.
   *Noise:    It may make noises in combat.
 X - the +3 broad axe of Mayhem {spect, rC+ rCorr Int+4}
   (You acquired it on level 4 of the Dungeon)

   Int:       It affects your intelligence (+4).
   rC:        It protects you from cold.
   rCorr:     It protects you from acid and corrosion.
Missiles
 c - 33 boomerangs
 p - 10 curare-tipped darts
 T - 7 javelins
Armour
 l - a +2 pair of gloves (worn)
   (You found it on level 3 of the Dungeon)
 m - a +2 hat (worn)
   (You found it on level 4 of the Dungeon)
 n - the +5 plate armour "Amuwieg" (worn) {Will- rCorr Slay+5}
   (Okawaru gifted it to you on level 4 of the Lair of Beasts)

   Slay:      It affects your accuracy & damage with ranged weapons and melee
   (+5).
   rCorr:     It protects you from acid and corrosion.
   Will:      It decreases your willpower.
 v - a +2 cloak of willpower (worn)
   (Okawaru gifted it to you on level 2 of the Lair of Beasts)
 w - the +9 crystal plate armour of the Orb Guardian {Harm}
   (Okawaru gifted it to you on level 12 of the Dungeon)

   Harm:      It increases damage dealt and taken.
 z - a +2 pair of boots of rampaging (worn)
   (You bought it in a shop on level 5 of the Dungeon)
 K - a +2 pair of boots of flying
   (You found it in a bailey)
Jewellery
 u - a ring of magical power
   (You took it off an orc on level 4 of the Dungeon)
 F - the ring of Peutudyi (right hand) {rPois rF+ rC+ Dex+2}
   (You bought it in a shop on level 5 of the Dungeon)

   [ring of poison resistance]

   Dex:       It affects your dexterity (+2).
   rF:        It protects you from fire.
   rC:        It protects you from cold.
   rPois:     It protects you from poison.
 G - an amulet of reflection (around neck)
   (You found it on level 15 of the Dungeon)
 J - an amulet of regeneration
   (You found it on level 4 of the Lair of Beasts)
 M - a +6 ring of strength (left hand)
   (You found it on level 2 of the Lair of Beasts)
 N - a ring of positive energy
   (You found it on level 1 of the Lair of Beasts)
 P - a ring of poison resistance
   (You found it on level 9 of the Dungeon)
 S - a ring of see invisible
   (You found it on level 4 of the Lair of Beasts)
 W - a ring of flight
   (You found it on level 6 of the Dungeon)
Wands
 d - a wand of iceblast (13)
   (You found it in a bailey)
 f - a wand of flame (27)
   (You found it on level 5 of the Lair of Beasts)
 h - a wand of mindburst (9)
   (You took it off an efreet on level 15 of the Dungeon)
 x - a wand of acid (9)
   (You bought it in a shop on level 2 of the Orcish Mines)
 D - a wand of digging (8)
   (You found it on level 8 of the Dungeon)
 Y - a wand of polymorph (10)
   (You found it on level 14 of the Dungeon)
Scrolls
 e - 2 scrolls of fog
 g - 5 scrolls of revelation
 i - a scroll of silence
 o - 3 scrolls of immolation {!r}
 q - a scroll of blinking
 t - 7 scrolls of teleportation {@r4}
 y - a scroll of brand weapon
 H - a scroll of poison
 I - 4 scrolls of noise {!r}
 V - a scroll of fear
Potions
 j - 2 potions of mutation {!q}
 k - 2 potions of haste {@q3}
 r - 4 potions of attraction {!q}
 s - 6 potions of enlightenment
 A - a potion of cancellation
 B - a potion of curing {@q1}
 C - 2 potions of heal wounds {@q2}
 E - 2 potions of resistance
 L - 4 potions of might
 R - 3 potions of berserk rage
 U - a potion of lignification {!q}
 Z - a potion of brilliance
Miscellaneous
 Q - a tin of tremorstones (inert)
   (You bought it in a shop on level 2 of the Orcish Mines)


   Skills:
 + Level 14.0(19.0) Fighting
 + Level 18.4(23.5) Axes
 - Level 2.3(17.3) Maces & Flails
 * Level 16.9(21.9) Ranged Weapons
 * Level 11.4(16.4) Armour
 - Level 3.2(8.2) Dodging
 - Level 2.2(7.2) Stealth
 - Level 1.7 Translocations
 + Level 10.4 Invocations
 + Level 2.9 Evocations


You had 10 spell levels left.
You knew the following spells:

 Your Spells              Type           Power      Damage    Failure   Level
a - Manifold Assault      Tloc           2%         N/A       100%        4

Your spell library contained the following spells:

 Spells                   Type           Power      Damage    Failure   Level
 Sandblast                Erth           0%         2d4       96%         1
 Passwall                 Tmut/Erth      0%         N/A       99%         2
 Static Discharge         Conj/Air       0%         2-2/arc   99%         2
 Frozen Ramparts          Ice            0%         1d1       100%        3
 Ozocubu's Armour         Ice            0%         N/A       100%        3
 Stone Arrow              Conj/Erth      0%         3d7       100%        3
 Airstrike                Air            0%         2d(0-16)  100%        4
 Passage of Golubria      Tloc           2%         N/A       100%        4
 Petrify                  Tmut/Erth      0%         N/A       100%        4
 Alistair's Intoxication  Tmut/Pois      0%         N/A       100%        5
 Borgnjor's Vile Clutch   Necr/Erth      0%         N/A       100%        5
 Fireball                 Conj/Fire      0%         3d3       100%        5
 Iskenderun's Battlesphe  Conj           0%         2d6       100%        5
 Metabolic Englaciation   Hex/Ice        0%         N/A       100%        5
 Silence                  Hex/Air        0%         N/A       100%        5
 Yara's Violent Unravell  Hex/Tmut       0%         3d3       100%        5
 Conjure Ball Lightning   Conj/Air       0%         3x3d6     100%        6
 Dispersal                Tloc           1%         N/A       100%        6
 Eringya's Noxious Bog    Tmut/Pois      0%         4d6       100%        6
 Orb of Destruction       Conj           0%         9d5       100%        7
 Borgnjor's Revivificati  Necr           0%         N/A       100%        8
 Disjunction              Tloc           1%         N/A       100%        8
 Lehudib's Crystal Spear  Conj/Erth      0%         10d2      100%        8
 Death's Door             Necr           0%         N/A       100%        9
 Summon Guardian Golem    Hex/Summ       Unusable   N/A       N/A         3
 Tukima's Dance           Hex            Unusable   N/A       N/A         3
 Summon Lightning Spire   Summ/Air       Unusable   N/A       N/A         4
 Simulacrum               Ice/Necr       Unusable   N/A       N/A         6
 Haunt                    Necr/Summ      Unusable   N/A       N/A         7
 Spellforged Servitor     Conj/Summ      Unusable   N/A       N/A         7

Dungeon Overview and Level Annotations

Branches:
Dungeon (15/15) Zot: 25813  Temple (0/1) D:5            Lair (5/5) D:10 Zot: 21682
  Swamp (0/4) Lair:2        Snake (0/4) Lair:3        Slime (0/5) Lair:4
    Orc (2/2) D:11 Zot: 9197     Elf (1/3) Orc:2 Zot: 5784  Vaults (0/5) D:14
 Depths (0/4) D:15         Bailey (visited)

Altars:
Cheibriados
Dithmenos
Gozag
Hepliaklqana
Kikubaaqudgha
Makhleb
Nemelex Xobeh
Okawaru
Ru
Sif Muna
Trog
Uskayaw
Vehumet
Wu Jian
Xom
Yredelemnul
The Shining One

Shops:
D:1 ([   D:2 (   D:5 [=:[   D:11 [   Orc:1 =   Orc:2 [?:!*   Elf:1 :(

Annotations:
Lair:1 1 runed translucent door, Woashoo's ghost, journeyman DrFE


Innate Abilities, Weirdness & Mutations

You have a pair of horns on your head.
You reflexively headbutt those who attack you in melee.
You have hoof-like feet.


Message History

You closely miss the air elemental.
The air elemental fires a burst of electricity at you.
The stunning burst hits you!
You suddenly lose the ability to move!
* * * LOW HITPOINT WARNING * * *
The deep elf knight casts a spell.
The deep elf knight seems to speed up.
The deep elf zephyrmancer casts a spell at you.
The bolt of lightning hits something!
The bolt of lightning misses the air elemental.
The bolt of lightning misses you.
You hear a shout! x3
The air elemental hits you but does no damage.
The air elemental completely misses you.
The deep elf knight hits you but does no damage.
The deep elf zephyrmancer gestures at you while chanting.
The bolt of lightning hits the water elemental!
The water elemental resists.
The bolt of lightning hits something!!
The bolt of lightning hits the air elemental.
The air elemental completely resists.
The bolt of lightning hits you but does no damage.
The bolt of lightning hits you!!
* * * LOW HITPOINT WARNING * * *
You hear a shout! x2
You can move again.
You closely miss the deep elf knight. You closely miss the air elemental.
The air elemental hits you but does no damage.
The deep elf knight hits you with a +0 short sword.
* * * LOW HITPOINT WARNING * * *
You block the air elemental's attack.
You slice the deep elf knight!!
You kill the deep elf knight!
Okawaru accepts your kill.
You slash the air elemental!
The deep elf zephyrmancer gestures wildly while chanting.
The deep elf zephyrmancer blinks!
The deep elf zephyrmancer casts a spell at you.
The bolt of lightning hits the water elemental.
The water elemental resists.
The bolt of lightning hits the air elemental.
The air elemental completely resists.
The bolt of lightning hits you!
* * * LOW HITPOINT WARNING * * *
The bolt of lightning hits you!
* * * LOW HITPOINT WARNING * * *
Blink to where?
Press: ? - help, Dir - move target
As you read the scroll of blinking, it crumbles to dust.
You hear some strange, mumbled words.
A shard of ice appears from out of thin air!
The shard of ice hits you! You partially resist.
You die...

#.+###.# .. .##
#....####.####..#
#...............#
#...............
#####'#######+####
#.#.....(...........
#...................
#.........{)........
############@####...
...........#
...........#
#########..# #..#
#..# ...# #..# #
...# #..#...# + ...#
#..#.[.#


You could see a +3 battleaxe of electrocution.

Vanquished Creatures
  Rupert (Lair:5)
  Gastronok (D:8)
  The ghost of Ofeo the Fighter, a journeyman DsSh of Wu Jian (Lair:5)
  A deep elf annihilator (Elf:1)
  4 dire elephants (Lair:5)
  An ettin (Orc:2)
  A yaktaur captain (D:15)
  A rakshasa (D:15)
  Fannar (Orc:1)
  4 hydras
  3 ogre magi (Orc:2)
  A catoblepas (D:15)
  A death knight (D:15)
  5 centaur warriors
  Erica (D:8)
  3 boulder beetles (D:12)
  2 dancing weapons (Elf:1)
  A two-headed ogre (D:10)
  A vampire mage (D:15)
  13 death yaks
  2 tengu warriors
  2 deep elf knights (Elf:1)
  Sonja (Lair:3)
  Nergalle (Orc:2)
  An iron troll (D:14)
  2 skeletal warriors (D:15)
  2 skysharks (Lair:3)
  A golden dragon zombie (D:15)
  A spectral anaconda (Lair:5)
  An obsidian statue (Lair:5)
  Pikel (D:3)
  A wizard (D:15)
  2 flayed ghosts (D:15)
  5 necromancers
  7 ugly things
  An orc knight (Bailey)
  6 orc sorcerers (Orc:2)
  3 oklob plants
  A tengu skeleton (D:15)
  6 deep elf pyromancers
  A salamander (Lair:3)
  2 manticores
  7 cyclopes
  14 elephants
  2 black mambas
  A gargoyle (D:11)
  An unseen horror (D:13)
  A torpor snail (Lair:5)
  7 rime drakes
  11 cane toads
  An efreet (D:15)
  2 freezing wraiths
  8 komodo dragons
  A komodo dragon (shapeshifter) (D:14)
  A yaktaur (shapeshifter) (D:14)
  5 trolls
  20 blink frogs
  6 polar bears
  A spriggan zombie (D:15)
  A spectral elephant (Lair:5)
  5 slime creatures (D:12)
  2 centaur simulacra (D:10)
  6 dream sheep (Lair:3)
  4 shadows
  A water elemental (Elf:1)
  3 wyverns
  An ettin skeleton (D:15)
  A vampire (D:9)
  3 wraiths
  40 yaks
  7 basilisks
  Eustachio (D:4)
  A steam dragon (D:9)
  2 death yak simulacra (Lair:5)
  Menkaure (D:4)
  3 vampire mosquitoes (D:13)
  2 nagas (Lair:3)
  An acid dragon (D:11)
  13 water moccasins
  19 orc warriors
  3 ice beasts (D:5)
  A sky beast (D:8)
  13 ogres
  7 black bears
  3 elephant skeletons (Lair:5)
  2 lemures (D:3)
  6 centaurs
  15 wolves
  A phantom (D:5)
  4 kobold brigands
  13 bullfrogs
  Blork the orc (D:4)
  3 gnoll sergeants
  4 scorpions
  2 cane toad simulacra (Lair:5)
  9 wights (D:8)
  5 killer bees (D:10)
  An elephant simulacrum (Lair:5)
  4 howler monkeys
  14 electric eels
  5 jellies
  16 orc priests
  6 hounds
  A gnoll bouda (D:5)
  Crazy Yiuf (D:7)
  Natasha (twice) (D:2)
  2 iguanas (D:6)
  2 sleepcaps (D:6)
  30 orc wizards
  Robin (D:2)
  27 gnolls
  10 adders
  2 shadow imps
  A white imp (D:5)
  An ufetubus (D:4)
  2 worms
  3 dart slugs (D:1)
  53 orcs
  5 bats
  7 endoplasms
  7 giant cockroaches
  21 goblins
  13 hobgoblins
  12 jackals
  3 quokkas
  7 ball pythons
  3 frilled lizards
  43 kobolds
  5 rats
705 creatures vanquished.

Vanquished Creatures (collateral kills)
  An orc (D:7)
1 creature vanquished.

Vanquished Creatures (others)
  A kobold (D:7)
1 creature vanquished.

Grand Total: 707 creatures vanquished

Notes
Turn   | Place    | Note
-------+----------+-------------------------------------------
     0 | D:1      | Pooter the Minotaur Monk began the quest for the Orb.
     0 | D:1      | Reached XP level 1. HP: 19/19 MP: 0/0
    44 | D:1      | Reached XP level 2. HP: 9/27 MP: 1/1
   178 | D:1      | Reached skill level 4 in Axes
   194 | D:1      | Reached skill level 1 in Stealth
   313 | D:1      | Found Pergh's Armour Shoppe.
   429 | D:1      | Found Gafiowif's Weapon Emporium.
   436 | D:1      | Reached XP level 3. HP: 21/33 MP: 2/2
   838 | D:2      | Found a shimmering altar of Xom.
   879 | D:2      | Noticed Natasha
   886 | D:2      | Killed Natasha
   964 | D:2      | Reached XP level 4. HP: 40/40 MP: 3/3
  1044 | D:2      | Found Raekis's Weapon Boutique.
  1206 | D:2      | Noticed Robin
  1227 | D:2      | Killed Robin
  1535 | D:2      | Noticed Natasha
  1544 | D:2      | Killed Natasha
  1545 | D:2      | Reached skill level 5 in Axes
  1545 | D:2      | Reached skill level 1 in Maces & Flails
  1545 | D:2      | Reached skill level 1 in Ranged Weapons
  1545 | D:2      | Reached XP level 5. HP: 41/47 MP: 4/4
  1987 | D:3      | Found a faded altar of an unknown god.
  2189 | D:3      | Found a hazy altar of Hepliaklqana.
  2389 | D:3      | Found a sparkling altar of Nemelex Xobeh.
  2562 | D:4      | Noticed Menkaure
  2562 | D:4      | Noticed an ogre
  2591 | D:3      | Reached XP level 6. HP: 53/53 MP: 5/5
  2784 | D:4      | Reached skill level 5 in Fighting
  2789 | D:4      | Reached skill level 6 in Axes
  2791 | D:4      | Killed Menkaure
  2792 | D:4      | Reached XP level 7. HP: 37/61 MP: 6/6
  2897 | D:4      | Noticed Blork the orc
  2910 | D:4      | Killed Blork the orc
  3046 | D:4      | Found an iron altar of Okawaru.
  3107 | D:4      | Noticed Eustachio
  3127 | D:4      | Became a worshipper of Warmaster Okawaru
  3127 | D:4      | Reached * piety under Okawaru
  3127 | D:4      | Reached ** piety under Okawaru
  3136 | D:4      | Killed Eustachio
  3137 | D:4      | Reached skill level 7 in Axes
  3176 | D:4      | Gained mutation: You have large cloven feet. [potion of
                  | mutation]
  3176 | D:4      | Gained mutation: You have hoof-like feet. [potion of
                  | mutation]
  3183 | D:4      | Noticed Pikel
  3257 | D:3      | Killed Pikel
  3257 | D:3      | Reached *** piety under Okawaru
  3258 | D:3      | Reached skill level 8 in Axes
  3258 | D:3      | Reached XP level 8. HP: 38/71 MP: 4/7
  3552 | D:4      | Identified a scroll of acquirement
  3553 | D:4      | Acquired the +3 broad axe of Mayhem {spect, rC+ rCorr
                  | Int+4}
  3863 | D:5      | Entered Level 5 of the Dungeon
  3892 | D:5      | Found a large runed translucent door.
  3892 | D:5      | Found a large runed translucent door.
  3913 | D:5      | Found a shadowy altar of Dithmenos.
  3926 | D:5      | Reached skill level 1 in Invocations
  3941 | D:5      | Found a radiant altar of Vehumet.
  3970 | D:5      | Found Wuj Alibann's Book Emporium.
  4083 | D:5      | Reached skill level 9 in Axes
  4092 | D:5      | Reached XP level 9. HP: 63/79 MP: 9/9
  4178 | D:5      | Reached **** piety under Okawaru
  4300 | D:5      | Found an ornate altar of the Wu Jian Council.
  4337 | D:5      | Found Keanask's Armour Shoppe.
  4390 | D:5      | Found Plog's Jewellery Emporium.
  4697 | D:5      | Found Fuacveuv's Antique Armour Emporium.
  4700 | D:5      | Bought a pair of glowing boots for 210 gold pieces
  4725 | D:5      | Found a staircase to the Ecumenical Temple.
  4866 | D:6      | Found an opulent altar of Gozag.
  4873 | D:6      | Reached skill level 10 in Axes
  5223 | D:6      | Found a shimmering altar of Xom.
  5255 | D:6      | Found a burning altar of Makhleb.
  5517 | D:6      | Reached ***** piety under Okawaru
  5704 | D:6      | HP: 4/81 [electric eel/bolt of electricity (8)]
  7493 | D:6      | HP: 3/81 [electric eel/bolt of electricity (6)]
  8452 | D:7      | Reached XP level 10. HP: 88/88 MP: 11/11
  8790 | D:7      | Found a basalt altar of Yredelemnul.
  8944 | D:7      | Found a runed translucent door.
  8945 | D:7      | Noticed Crazy Yiuf
  9050 | D:7      | Killed Crazy Yiuf
  9096 | D:8      | Reached skill level 11 in Axes
  9211 | D:8      | Noticed Gastronok
  9228 | D:8      | Killed Gastronok
  9440 | D:8      | Found a flagged portal.
  9455 | Bailey   | Entered a bailey
  9871 | Bailey   | Reached skill level 10 in Ranged Weapons
 11212 | Bailey   | Noticed an orc knight
 11223 | Bailey   | Killed an orc knight
 11224 | Bailey   | Reached skill level 12 in Axes
 11755 | Bailey   | Reached skill level 5 in Invocations
 13189 | D:1      | Bought the +5 Storm Queen's Shield {shock, Fly rElec} for
                  | 547 gold pieces
 13189 | D:1      | Found the +5 Storm Queen's Shield {shock, Fly rElec}
 13298 | D:8      | Learned a level 4 spell: Manifold Assault
 13332 | D:8      | Found a hide-covered altar of Uskayaw.
 13481 | D:8      | Found a bloodstained altar of Trog.
 14004 | D:8      | Noticed Erica
 14023 | D:8      | Killed Erica
 14023 | D:8      | Received a gift from Okawaru
 14460 | D:9      | Reached skill level 1 in Translocations
 14460 | D:9      | Reached XP level 11. HP: 97/97 MP: 13/13
 14536 | D:9      | Found a snail-covered altar of Cheibriados.
 15015 | D:9      | Found a shimmering blue altar of Sif Muna.
 15193 | D:10     | Entered Level 10 of the Dungeon
 15284 | D:10     | Found a glowing golden altar of the Shining One.
 15384 | D:10     | Found a staircase to the Lair.
 15456 | D:10     | Noticed a white ugly thing
 15457 | D:10     | Noticed a deep elf pyromancer
 15457 | D:10     | Noticed a deep elf pyromancer
 15482 | D:10     | Killed a deep elf pyromancer
 15483 | D:10     | Reached skill level 13 in Axes
 15483 | D:10     | Reached skill level 1 in Armour
 15560 | D:10     | Killed a white ugly thing
 15560 | D:10     | Received a gift from Okawaru
 15640 | D:10     | Killed a deep elf pyromancer
 15751 | D:10     | Found a sacrificial altar of Ru.
 15796 | D:10     | Found the +8 frozen axe "Frostbite" {freeze, freezing
                  | cloud, *Noise Fly rC+}
 15906 | D:10     | Noticed a two-headed ogre
 15916 | D:10     | Reached skill level 10 in Fighting
 15919 | D:10     | Killed a two-headed ogre
 16460 | Lair:1   | Entered Level 1 of the Lair of Beasts
 16607 | Lair:1   | Reached XP level 12. HP: 105/106 MP: 15/15
 16697 | Lair:1   | Found a runed translucent door.
 16699 | Lair:1   | Identified the +7 trident of Giskasarch {vamp, rF++ rCorr
                  | SInv}
 16705 | Lair:1   | Noticed Woashoo's ghost (journeyman DrFE)
 16891 | Lair:1   | Noticed a death yak
 16895 | Lair:1   | Noticed a death yak
 16897 | Lair:1   | Noticed a death yak
 16900 | Lair:1   | Killed a death yak
 16901 | Lair:1   | Reached skill level 14 in Axes
 16901 | Lair:1   | Noticed a death yak
 16971 | Lair:1   | Killed a death yak
 16974 | Lair:1   | Killed a death yak
 16981 | Lair:1   | Killed a death yak
 17723 | D:5      | Bought a glowing cloak for 210 gold pieces
 17931 | Lair:2   | Received a gift from Okawaru
 17979 | Lair:2   | Found a staircase to the Swamp.
 18077 | Lair:2   | Reached skill level 5 in Armour
 18507 | Lair:2   | Reached ****** piety under Okawaru
 18604 | Lair:2   | Reached skill level 15 in Axes
 19147 | Lair:3   | Noticed a five-headed hydra
 19344 | Lair:3   | Noticed Sonja
 19595 | Lair:2   | Reached XP level 13. HP: 87/116 MP: 17/17
 19696 | Lair:3   | Killed Sonja
 20595 | Lair:3   | Found a staircase to the Snake Pit.
 20734 | Lair:4   | Identified the +2 scale mail of the Teaching Gods {rCorr}
 21020 | Lair:4   | Received a gift from Okawaru
 21038 | Lair:4   | Reached skill level 16 in Axes
 21092 | Lair:4   | Acquired the amulet "Opaibauz" {Faith rPois rF- Str+3
                  | Slay+2}
 21286 | Lair:4   | Found a staircase to the Slime Pits.
 21570 | Lair:4   | Acquired the +6 executioner's axe "Jech" {speed, rPois rN+
                  | Will+++ Str-2}
 21884 | Lair:5   | Entered Level 5 of the Lair of Beasts
 22088 | Lair:4   | Identified the +5 plate armour "Amuwieg" {Will- rCorr
                  | Slay+5} (Okawaru gifted it to you on level 4 of the Lair of
                  | Beasts)
 22088 | Lair:4   | Received a gift from Okawaru
 22287 | Lair:5   | Reached XP level 14. HP: 108/127 MP: 19/19
 22455 | Lair:5   | Noticed Rupert
 22464 | Lair:5   | Killed Rupert
 22612 | Lair:5   | Reached skill level 15 in Ranged Weapons
 22936 | Lair:5   | Found a large runed translucent door.
 22937 | Lair:5   | Found a large runed translucent door.
 22940 | Lair:5   | Noticed Ofeo's ghost (journeyman DsSh)
 22953 | Lair:5   | Killed Ofeo's ghost
 23648 | Lair:5   | Reached skill level 17 in Axes
 24623 | Lair:5   | Received a gift from Okawaru
 24692 | Lair:5   | Identified the +6 long sword "Ehonuo" {drain, Int+3}
 25033 | D:11     | Found Cames's Armour Shoppe.
 25033 | D:11     | Found a staircase to the Orcish Mines.
 25681 | D:12     | Identified the +9 crystal plate armour of the Orb Guardian
                  | {Harm} (Okawaru gifted it to you on level 12 of the
                  | Dungeon)
 25681 | D:12     | Received a gift from Okawaru
 26470 | D:13     | Identified the +0 buckler "Ledi" {Dex+3}
 27081 | D:13     | Upgraded the game from 0.31-a0-441-g867994ef1c to
                  | 0.31-a0-455-g1a7b003ef0
 27369 | D:14     | Reached XP level 15. HP: 136/136 MP: 21/21
 27649 | D:5      | Bought the ring of Peutudyi {rPois rF+ rC+ Dex+2} for 497
                  | gold pieces
 27829 | D:14     | Reached skill level 18 in Axes
 27884 | D:14     | Found a gate to the Vaults.
 28237 | D:14     | Received a gift from Okawaru
 28243 | D:14     | Reached skill level 10 in Armour
 28825 | D:15     | Entered Level 15 of the Dungeon
 28838 | D:15     | Reached skill level 10 in Invocations
 28850 | D:15     | Reached skill level 1 in Evocations
 29034 | D:15     | Found a staircase to the Depths.
 29773 | D:15     | Found a runed translucent door.
 29785 | D:15     | Identified the scarf "Kaot" {harm, rElec} (Okawaru gifted
                  | it to you on level 15 of the Dungeon)
 29785 | D:15     | Received a gift from Okawaru
 29861 | D:15     | Identified the +6 chain mail "Mumomobe" {rPois rC- Dex+5
                  | Slay+2}
 30014 | Orc:1    | Entered Level 1 of the Orcish Mines
 30019 | Orc:1    | Noticed Fannar
 30042 | Orc:1    | Killed Fannar
 30211 | Orc:1    | Found Wescho's Jewellery Shop.
 30431 | Orc:2    | Entered Level 2 of the Orcish Mines
 31435 | Orc:2    | Found Hirrytew's Gadget Gallery.
 31447 | Orc:2    | Bought a wand of acid (5) for 273 gold pieces
 31447 | Orc:2    | Bought a tin of tremorstones (2/2) for 520 gold pieces
 31447 | Orc:2    | Bought a wand of acid (4) for 218 gold pieces
 31447 | Orc:2    | Bought a wand of polymorph (3) for 54 gold pieces
 31878 | Orc:2    | Found Hamuc's Book Shoppe.
 31907 | Orc:2    | Found Qaheimeoxt's Distillery.
 31921 | Orc:2    | Bought a potion of cancellation for 128 gold pieces
 31921 | Orc:2    | Bought a potion of might for 64 gold pieces
 31934 | Orc:2    | Found a radiant altar of Vehumet.
 31947 | Orc:2    | Found Zefacw's Magic Scroll Shoppe.
 31951 | Orc:2    | Noticed Nergalle
 31962 | Orc:2    | Killed Nergalle
 32264 | Orc:2    | Found an ancient bone altar of Kikubaaqudgha.
 32311 | Orc:2    | Found Ycomezev's Antique Armour Emporium.
 32378 | Orc:2    | Found a staircase to the Elven Halls.
 32695 | Elf:1    | Entered Level 1 of the Elven Halls
 32699 | Elf:1    | Found Fetaxear's Antique Weapon Boutique.
 32753 | Elf:1    | Found Qoroigost's Self-Improvement Boutique.
 32825 | Orc:2    | Bought a scroll of silence for 142 gold pieces
 32982 | Elf:1    | Paralysed by an air elemental for 1 turns
 32990 | Elf:1    | Paralysed by an air elemental for 1 turns
 33000 | Elf:1    | Killed from afar by a deep elf knight

Illustrated notes

Levels and vault maps discovered:
D:1:      dpeg_arrival_oval, layout_loops_ring, serial_shops,
          nicolae_shop_scrapyard, shop
D:2:      layout_loops_corners, serial_shops, nicolae_shop_behind_doors,
          basic_altar, chequers_arboretum, uniq_robin, uniq_natasha
D:3:      layout_rooms, nemelex_dance_club_becter,
          mainiacjoe_overflow_cross_hatched,
          shapermc_ecumenical_altar_flowoftime, serial_park_tiny_pond,
          kennysheep_boxes
D:4:      layout_cave_pools, lemuel_doored_altar, uniq_menkaure, uniq_pikel,
          uniq_blork_the_orc, uniq_eustachio
D:5:      layout_loops_cross, jmf_multi_god_temple2, nzn_wu_jian_council_hall,
          minmay_temple_entry_glassed_door, serial_shops,
          nicolae_book_shop_shelving, nicolae_shop_hallway_stairs,
          nicolae_shop_behind_doors, nicolae_shop_pleasant_corner_grove,
          kennysheep_flooded_box, grunt_decor_junction,
          minmay_fractal_squares_diagonal_5
D:6:      cheibrodos_two_vegetables, layout_loops_ring,
          mainiacjoe_overflow_six_doors_small, makhleb_heckhound_becter,
          lemuel_tele_altar
D:7:      layout_rooms, mainiacjoe_overflow_small_starburst,
          uniq_crazy_yiuf_cottage
D:8:      layout_loops_corners, nicolae_uskayaw_dance_studio,
          mainiacjoe_overflow_24_doors, enter_bailey_2, grunt_ministairs_5,
          kennysheep_generic_room_3, uniq_erica, uniq_gastronok
D:9:      layout_irregular_city, nicolae_sif_muna_little_library,
          kennysheep_little_box, serial_column_ruins, column_ruins_open_tiny,
          column_ruins_open_tiny, column_ruins_columns_straight,
          column_ruins_grid_3, column_ruins_grid_1
D:10:     minmay_coctagon, layout_loops_corners, mainiacjoe_overflow_paths,
          nicolae_ru_sacrificial_ziggurat, grunt_lair_entry_orc_guard_hut,
          minmay_crystal_water, kb_rosetta
D:11:     layout_basic, orc_david_3
D:12:     layout_cave_pools
D:13:     layout_loops_ring, hive_lemuel
D:14:     layout_grid_maze, david_vaults_4, roderic_lattice_octagonal_star
D:15:     gammafunk_depths_entry_grave, layout_gridville,
          kennysheep_treasure_room
Lair:1:   layout_gridlike, ebering_ghost_funeral_grove, grunt_megastairs_1
Lair:2:   layout_cave_pods, swamp_mist, lemuel_fruit_fields
Lair:3:   layout_loops_ring, alex1729_snake_entry_snake, uniq_sonja
Lair:4:   statuecave_lemuel, layout_gridlike, minmay_slime_entry_oklob_open,
          lemuel_fruit_tree, serial_bayou_shore_a, serial_bayou_shore_b
Lair:5:   due_jungle_book, layout_gridlike, ebering_ghost_disaster_area,
          chequers_serial_rivers_large_a, infiniplex_staircase_pool,
          lemuel_fruit_fields, uniq_rupert
Orc:1:    layout_diamond_mine, serial_shops, shop, statue_in_the_mist_lemuel,
          library_closet, mines3_lemuel, uniq_fannar
Orc:2:    kennysheep_orc_mage_school, layout_diamond_mine, nicolae_shop_gadgets
Elf:1:    layout_onion_city, serial_co_window_serial, co_window_corner_a,
          co_window_paths_b, co_window_cross_1, co_window_paths_a,
          co_window_corner_a, co_window_broadway_a, co_window_of_opportunity_c,
          co_window_corner_b, co_window_4corner_a, glass_columns_c,
          glass_columns_a, glass_columns_b, glass_columns_a, serial_shops, shop,
          minivault_28, nicolae_shop_self_help

Skill      XL: |  1  2  3  4  5  6  7  8  9 10 11 12 13 14 15 |
---------------+----------------------------------------------+-----
Axes           | 4 5 6 8 9 10 12 13 15 16 17 18 | 18.4
Stealth        | 1 2 |  2.2
Fighting       | 4 5 6 7 8 9 10 11 12 13 14 | 14.0
Maces & Flails | 1 2 |  2.3
Ranged Weapons | 1 2 3 6 7 9 10 12 13 14 16 | 16.9
Invocations    | 2 3 5 6 7 8 9 10 | 10.4
Translocations | 1 |  1.7
Armour         | 3 6 7 9 11 | 11.4
Evocations     | 2 |  2.9
Dodging        | |  3.2

Action                     |  1- 3 |  4- 6 |  7- 9 | 10-12 | 13-15 || total
---------------------------+-------+-------+-------+-------+-------++-------
  Melee: Hand axe          |    21 |       |       |       |       ||    21
         Headbutt          |    12 |    16 |    20 |    68 |   104 ||   220
         Whip              |    28 |    34 |       |       |       ||    62
         Mace              |       |    32 |       |       |       ||    32
         War axe           |       |    35 |    22 |       |       ||    57
         Kick              |       |       |    15 |       |       ||    15
         Broad axe         |       |       |    94 |   190 |       ||   284
         Executioner's axe |       |       |       |   133 |   456 ||   589
         Flail             |       |       |       |       |     4 ||     4
         Punch             |       |       |       |       |     1 ||     1
   Fire: Sling             |       |    52 |    81 |    95 |       ||   228
         Arbalest          |       |       |       |    38 |   251 ||   289
  Throw: Stone             |       |     3 |    42 |       |       ||    45
         Throwing net      |       |       |     1 |       |       ||     1
         Dart              |       |       |       |     4 |       ||     4
         Boomerang         |       |       |       |     1 |     4 ||     5
 Invoke: Heroism           |       |       |     3 |     8 |    11 ||    22
         Finesse           |       |       |       |     3 |     3 ||     6
  Evoke: Tin of tremorston |       |       |       |       |     2 ||     2
    Use: Scroll            |     1 |     4 |     7 |     8 |    21 ||    41
         Potion            |       |       |     3 |       |     2 ||     5
   Stab: Held in net/web   |       |       |     1 |       |       ||     1
         Distracted        |       |       |       |     4 |       ||     4
 Armour: Robe              |     2 |    10 |       |       |       ||    12
         Scale mail        |       |    29 |       |       |       ||    29
         Ring mail         |       |     5 |       |       |       ||     5
         Chain mail        |       |       |   103 |    50 |       ||   153
         Plate armour      |       |       |       |   155 |   244 ||   399
         Crystal plate arm |       |       |       |       |   182 ||   182
  Dodge: Dodged            |    29 |    66 |    90 |   108 |   211 ||   504
  Block: Kite shield       |       |       |       |    65 |       ||    65
         Other             |       |       |       |       |    16 ||    16
         Reflection        |       |       |       |       |     1 ||     1

Table legend: (Time is in decaauts)
 A = Elapsed time spent in this place.
 B = Non-inter-level travel time spent in this place.
 C = Inter-level travel time spent in this place.
 D = Time resting spent in this place.
 E = Time spent auto-exploring this place.
 F = Levels seen in this place.
 G = Mean time per level.
                   A        B        C        D        E       F      G
               +--------+--------+--------+--------+--------+-----+--------+
         Total |  33346 |  31447 |   1899 |  12548 |  13698 |  24 | 1389.4 |
       Dungeon |  18407 |  17003 |   1404 |   5357 |   8768 |  15 | 1227.1 |
          Lair |   8317 |   7962 |    355 |   2633 |   4014 |   5 | 1663.4 |
  Orcish Mines |   2802 |   2680 |    122 |   1323 |    744 |   2 | 1401.0 |
   Elven Halls |    214 |    197 |     17 |     42 |     53 |   1 |  214.0 |
        Bailey |   3604 |   3604 |      0 |   3190 |    119 |   1 | 3604.0 |
               +--------+--------+--------+--------+--------+-----+--------+

Top non-repeatable levels by time:
  Bailey: 3604 daAuts
     D:6: 3523 daAuts
  Lair:5: 2752 daAuts
   Orc:2: 2236 daAuts
  Lair:2: 1770 daAuts
     D:8: 1702 daAuts
  Lair:4: 1421 daAuts
    D:14: 1405 daAuts
    D:10: 1402 daAuts
  Lair:1: 1236 daAuts
     D:2: 1202 daAuts
  Lair:3: 1135 daAuts
    D:15: 1101 daAuts
     D:4: 1053 daAuts
     D:5: 1026 daAuts
